 Dungeon Crawl Stone Soup version 0.24.0-1-gfbc8707 (webtiles) character file.

Game seed: 16104260920724343004, levelgen mode: deterministic

30053 Geeful the Severer (level 13, -2/116 HPs)
             Began as a Hill Orc Fighter on Oct 29, 2019.
             Was the Champion of Makhleb.
             Slain by a skeletal warrior
             ... wielding a +0 glaive
              (18 damage)
             ... on level 13 of the Dungeon.
             The game lasted 00:45:58 (11201 turns).

Geeful the Severer (Hill Orc Fighter)              Turns: 11201, Time: 00:45:59

Health: -2/116     AC: 18    Str: 27    XL:     13   Next: 49%
Magic:  22/22      EV:  6    Int:  8    God:    Makhleb [******]
Gold:   696        SH: 12    Dex: 10    Spells: 12/12 levels left

rFire    . . .     SeeInvis .   p - +5 war axe of Vudwi {flame, *Contam rN++}
rCold    . . .     Gourm    .   c - +0 shield
rNeg     + + +     Faith    .   B - +0 plate armour
rPois    .         Spirit   .   i - +1 helmet
rElec    .         Reflect  .   N - +1 cloak
rCorr    .         Harm     .   o - +0 pair of gloves
MR       .....                  j - +1 pair of boots
Stlth    ..........             m - amulet of regeneration
HPRegen  0.69/turn              C - +3 ring of strength
MPRegen  0.18/turn              n - ring of positive energy

@: no status effects
A: deformed body
a: Minor Destruction, Lesser Servant of Makhleb, Major Destruction, Greater
Servant of Makhleb, Renounce Religion


You were on level 13 of the Dungeon.
You worshipped Makhleb.
Makhleb was exalted by your worship.
You were not hungry.

You visited 1 branch of the dungeon, and saw 13 of its levels.
You also visited: Ossuary and Gauntlet.

You collected 722 gold pieces.
You spent 26 gold pieces at shops.

Inventory:

Hand Weapons
 p - the +5 war axe of Vudwi (weapon) {flame, *Contam rN++}
   (You found it on level 4 of the Dungeon)

   It has been specially enchanted to burn those struck by it, causing extra
   injury to most foes and up to half again as much damage against particularly
   susceptible opponents.
   Big, fiery blades are also staple armaments of hydra-hunters.
   It greatly protects you from negative energy.
   It causes magical contamination when unequipped.
 s - the +1 broad axe of Lytiysk {freeze, +Blink rF+}
   (You found it on level 10 of the Dungeon)

   It has been specially enchanted to freeze those struck by it, causing extra
   injury to most foes and up to half again as much damage against particularly
   susceptible opponents.
   It can also slow down cold-blooded creatures.
   It protects you from fire.
   It lets you blink.
Missiles
 k - 5 throwing nets (quivered)
Armour
 c - a +0 shield (worn)
 i - a +1 helmet (worn)
 j - a +1 pair of boots (worn)
 o - a +0 pair of gloves (worn)
 q - the +1 ring mail "Laxzuecs" {rElec}
   (You found it on level 4 of the Dungeon)

   It insulates you from electricity.
 B - a +0 plate armour (worn)
 N - a +1 cloak (worn)
Jewellery
 m - an amulet of regeneration (around neck)
 n - a ring of positive energy (right hand)
 C - a +3 ring of strength (left hand)
 P - the ring "Foch" {Ice MR+ Str+3 Dex-5}
   (You found it in a Gauntlet)

   [ring of ice]

   It enhances your ice magic.
   It affects your strength (+3).
   It affects your dexterity (-5).
   It makes you vulnerable to fire.
   It protects you from cold.
   It affects your resistance to hostile enchantments.
Wands
 t - a wand of polymorph (10)
 H - a wand of iceblast (15)
 L - a wand of paralysis (23)
Scrolls
 g - 2 scrolls of amnesia
 l - 3 scrolls of enchant weapon
 v - 3 scrolls of teleportation
 w - 3 scrolls of immolation
 x - 4 scrolls of remove curse
 z - 5 scrolls of enchant armour
 F - a scroll of identify
Potions
 a - 2 potions of berserk rage
 d - 2 potions of might
 e - a potion of ambrosia {unknown}
 h - 10 potions of curing
 u - 3 potions of lignification
 A - 4 potions of flight
 E - 3 potions of haste
 I - a potion of agility
 K - a potion of mutation {unknown}
 M - a potion of resistance
Miscellaneous
 b - 2 phantom mirrors
Comestibles
 f - 20 rations
 r - 2 chunks of flesh


   Skills:
 + Level 11.5 Fighting
 + Level 16.6 Axes
 + Level 10.2 Armour
 - Level 0.3 Dodging
 + Level 0.1 Stealth
 + Level 9.7 Shields
 * Level 12.9 Invocations
 + Level 0.4 Evocations


You had 12 spell levels left.
You didn't know any spells.
Your spell library contained the following spells:

 Spells                   Type           Power        Failure   Level  Hunger
 Sandblast                Erth           #.....       100%        1    ##.....
 Passwall                 Tmut/Erth      #.......     100%        2    ###....
 Stone Arrow              Conj/Erth      #.....       100%        3    ####...
 Petrify                  Tmut/Erth      #.......     100%        4    #####..
 Lee's Rapid Deconstruct  Erth           #.........   100%        5    ######.


Dungeon Overview and Level Annotations

Branches:
Dungeon (13/15)            Temple (0/1) D:5            Lair (0/6) D:11
    Orc (0/2) D:10        Ossuary (visited)         Gauntlet (visited)
 Vaults: D:13-14

Altars:
Hepliaklqana
Makhleb
Nemelex Xobeh
Okawaru

Shops:
D:10 !

Annotations:
D:5 3 runed translucent doors, retro's ghost, novice HOFi


Innate Abilities, Weirdness & Mutations

Armour fits poorly on your strangely shaped body.


Message History

Your cacodemon hits the skeletal warrior but does no damage.
Your cacodemon hits the skeletal warrior!
The skeletal warrior hits you with a +0 glaive!
* * * LOW HITPOINT WARNING * * *
You hit the skeletal warrior. You burn the skeletal warrior.
The skeletal warrior is heavily damaged.
Your cacodemon completely misses the skeletal warrior.
Your cacodemon barely misses the skeletal warrior.
You hit the skeletal warrior. You burn the skeletal warrior.
The skeletal warrior is heavily damaged.
The skeletal warrior hits you with a +0 glaive!
* * * LOW HITPOINT WARNING * * *
You hit the skeletal warrior but do no damage.
The skeletal warrior is heavily damaged.
Your cacodemon gestures at the skeletal warrior.
The skeletal warrior resists with almost no effort.
You hit the skeletal warrior. You burn the skeletal warrior.
The skeletal warrior is heavily damaged.
The skeletal warrior hits you with a +0 glaive!!
You die...

############
####..........#
#)).).........#
#)#<..........#
...#.(..@2.....#
#.#.#....z).....#
#(#.#....)......#
# ..#...........#
.....##########
..#... .......
.....[.#


You could see a skeletal warrior and a friendly cacodemon.

Vanquished Creatures
  A frost giant (D:10)
  A minotaur (Gauntlet)
  Harold (D:7)
  A centaur warrior (D:13)
  3 two-headed ogres
  Urug (D:12)
  3 skeletal warriors (D:13)
  A slime creature (D:13)
  2 unseen horrors
  An obsidian statue (Gauntlet)
  A deep elf mage (D:12)
  An ugly thing (D:10)
  2 cyclopes
  A manticore (D:13)
  Maurice (D:9)
  2 gargoyles
  A kobold demonologist (D:11)
  A rime drake (D:10)
  5 trolls
  A queen bee (D:12)
  A polar bear (D:10)
  A hornet (D:12)
  A hippogriff (D:8)
  2 wraiths
  7 yaks
  Eustachio (D:5)
  A wyvern (D:12)
  A basilisk (D:11)
  A steam dragon (D:10)
  3 hungry ghosts
  3 vampire mosquitoes (D:12)
  Menkaure (D:7)
  3 porcupines (D:11)
  2 acid dragons
  10 ice beasts
  11 orc warriors
  7 phantoms
  A hornet zombie (D:12)
  3 black bears
  2 wolves (D:11)
  An eye of draining (D:12)
  9 ogres
  11 centaurs
  4 crocodiles (D:11)
  7 big kobolds
  2 gnoll sergeants (D:10)
  20 bullfrogs
  A wyvern skeleton (D:12)
  3 scorpions
  17 killer bees
  2 electric eels (D:11)
  2 howler monkeys
  10 wights
  7 crimson imps
  4 bullfrog zombies
  7 centaur zombies
  A jelly (D:8)
  2 human zombies (Ossuary)
  8 orc priests
  Crazy Yiuf (D:2)
  9 hounds
  Terence (D:2)
  10 orc wizards
  9 worker ants
  A big kobold zombie (Ossuary)
  5 hound zombies
  2 mummies (Ossuary)
  Robin (D:3)
  A gnoll (D:10)
  A howler monkey skeleton (D:5)
  12 adders
  5 shadow imps
  5 adder zombies
  An ooze (D:2)
  An adder skeleton (D:8)
  2 worms
  5 leopard geckos
  49 orcs
  7 bats
  5 giant cockroaches
  22 goblins
  10 hobgoblins
  5 jackals
  11 kobolds
  9 quokkas
  2 ball pythons
  3 frilled lizards
  2 goblin zombies
  14 hobgoblin zombies (Ossuary)
  A jackal skeleton (D:6)
  7 kobold zombies (Ossuary)
  A leopard gecko skeleton (D:4)
  2 leopard gecko zombies
  5 orc zombies (Ossuary)
  A quokka skeleton (D:4)
  2 quokka zombies
  6 rats
  2 rat zombies (Ossuary)
  A fungus (D:11)
450 creatures vanquished.

Vanquished Creatures (collateral kills)
  A skeletal warrior (D:13)
  An orc warrior (D:8)
  An ogre (D:8)
  An orc priest (D:8)
  2 orc wizards (D:8)
6 creatures vanquished.

Vanquished Creatures (others)
  3 fungi
  12 plants (Gauntlet)
15 creatures vanquished.

Grand Total: 471 creatures vanquished

Notes
Turn   | Place    | Note
-------+----------+-------------------------------------------
     0 | D:1      | Geeful the Hill Orc Fighter began the quest for the Orb.
     0 | D:1      | Reached XP level 1. HP: 19/19 MP: 1/1
    96 | D:1      | Reached XP level 2. HP: 27/27 MP: 2/2
   461 | D:1      | Reached skill level 3 in Axes
   708 | D:2      | Reached XP level 3. HP: 29/33 MP: 3/3
   784 | D:2      | Found a burning altar of Makhleb.
   790 | D:2      | Became a worshipper of Makhleb the Destroyer
   829 | D:2      | Found a runed translucent door.
   830 | D:2      | Noticed Crazy Yiuf
   836 | D:2      | Killed Crazy Yiuf
   836 | D:2      | Reached skill level 1 in Invocations
   836 | D:2      | Reached XP level 4. HP: 35/40 MP: 4/4
   872 | D:2      | Noticed Terence
   886 | D:2      | Killed Terence
   886 | D:2      | Reached skill level 4 in Axes
   903 | D:2      | Reached XP level 5. HP: 42/47 MP: 3/6
  1209 | D:3      | Noticed Robin
  1215 | D:3      | Reached * piety under Makhleb
  1216 | D:3      | Killed Robin
  1551 | D:3      | Reached skill level 5 in Axes
  1679 | D:3      | Reached XP level 6. HP: 50/53 MP: 7/7
  1686 | D:3      | Found an iron altar of Okawaru.
  1739 | D:4      | Got a steaming war axe
  1740 | D:4      | Identified the +5 war axe of Vudwi {flame, *Contam rN++}
                  | (You found it on level 4 of the Dungeon)
  1867 | D:4      | Got a twisted ring mail
  1931 | D:4      | Found a sand-covered staircase.
  1939 | Ossuary  | Entered an ossuary
  2015 | Ossuary  | Reached ** piety under Makhleb
  2160 | Ossuary  | Reached skill level 6 in Axes
  2234 | D:4      | Noticed a phantom
  2251 | D:4      | Killed a phantom
  2251 | D:4      | Reached XP level 7. HP: 60/60 MP: 9/9
  2267 | D:4      | Reached skill level 5 in Fighting
  2350 | D:4      | Identified the +1 ring mail "Laxzuecs" {rElec} (You found
                  | it on level 4 of the Dungeon)
  2470 | D:4      | Reached skill level 7 in Axes
  2722 | D:4      | Reached *** piety under Makhleb
  2900 | D:5      | Entered Level 5 of the Dungeon
  2944 | D:5      | Noticed Eustachio
  2949 | D:5      | Noticed retro's ghost (novice HOFi)
  2965 | D:5      | Killed Eustachio
  2965 | D:5      | Reached skill level 8 in Axes
  2965 | D:5      | Reached skill level 5 in Shields
  2965 | D:5      | Reached XP level 8. HP: 60/68 MP: 8/11
  3048 | D:5      | Found a staircase to the Ecumenical Temple.
  3062 | D:5      | Found a runed translucent gate.
  3062 | D:5      | Found a runed translucent gate.
  3062 | D:5      | Found a runed translucent gate.
  3117 | D:5      | Reached skill level 5 in Invocations
  3211 | D:5      | Reached skill level 9 in Axes
  3435 | D:6      | Found a hazy altar of Hepliaklqana.
  3567 | D:6      | Reached skill level 5 in Armour
  3567 | D:6      | Reached XP level 9. HP: 48/75 MP: 7/13
  3906 | D:6      | Reached skill level 10 in Axes
  4440 | D:7      | Noticed Harold
  4468 | D:7      | Killed Harold
  4468 | D:7      | Reached skill level 11 in Axes
  4666 | D:7      | Reached **** piety under Makhleb
  4807 | D:7      | Reached XP level 10. HP: 86/86 MP: 15/15
  4849 | D:7      | Noticed Menkaure
  4865 | D:7      | Killed Menkaure
  5132 | D:7      | Found a sparkling altar of Nemelex Xobeh.
  5578 | D:8      | Found a hazy altar of Hepliaklqana.
  5714 | D:8      | Reached skill level 12 in Axes
  5806 | D:8      | Noticed a cyclops
  5813 | D:8      | Killed a cyclops
  6751 | D:9      | Noticed Maurice
  6751 | D:9      | Paralysed by Maurice for 4 turns
  6760 | D:9      | Killed Maurice
  6760 | D:9      | Reached skill level 13 in Axes
  6815 | D:9      | Noticed a two-headed ogre
  6835 | D:9      | Killed a two-headed ogre
  6835 | D:9      | Reached XP level 11. HP: 66/95 MP: 9/18
  6987 | D:9      | Noticed a two-headed ogre
  6996 | D:9      | Killed a two-headed ogre
  7157 | D:10     | Entered Level 10 of the Dungeon
  7339 | D:10     | Reached ***** piety under Makhleb
  7359 | D:10     | Reached skill level 14 in Axes
  7368 | D:10     | Reached skill level 10 in Invocations
  7379 | D:10     | Found Xihuagis's Distillery.
  7387 | D:10     | Bought 2 potions of degeneration for 26 gold pieces
  7522 | D:10     | Found a staircase to the Orcish Mines.
  7672 | D:10     | Noticed a frost giant
  8067 | D:10     | Killed a frost giant
  8080 | D:10     | Got the broad axe of Lytiysk {freeze}
  8125 | D:10     | Got a dazzling ring mail
  8158 | D:10     | Identified the +2 ring mail of Trumpets {Dex+4} (You found
                  | it on level 10 of the Dungeon)
  8168 | D:10     | Identified the cursed +1 broad axe of Lytiysk {freeze,
                  | +Blink rF+} (You found it on level 10 of the Dungeon)
  8228 | D:10     | Gained mutation: Armour fits poorly on your strangely
                  | shaped body. [mutagenic glow]
  8275 | D:10     | Noticed a red ugly thing
  8281 | D:10     | Killed a white ugly thing
  8437 | D:11     | Reached skill level 15 in Axes
  8437 | D:11     | Reached XP level 12. HP: 105/105 MP: 20/20
  8661 | D:11     | Reached skill level 10 in Fighting
  8700 | D:11     | Found a staircase to the Lair.
  8865 | D:11     | Found a gate leading to a gauntlet.
  8872 | Gauntlet | Entered a Gauntlet
  8872 | Gauntlet | Found a transporter.
  8875 | Gauntlet | Found a transporter.
  8876 | Gauntlet | Found a runed translucent gate.
  8877 | Gauntlet | Found a runed translucent gate.
  8878 | Gauntlet | Found a transporter.
  8882 | Gauntlet | Found a transporter.
  8883 | Gauntlet | Found a transporter.
  8884 | Gauntlet | Found a transporter.
  8889 | Gauntlet | Noticed a death yak
  8891 | Gauntlet | Noticed a death yak
  8895 | Gauntlet | Noticed a death yak
  8897 | Gauntlet | Found a transporter.
  8912 | Gauntlet | Found a transporter.
  8931 | Gauntlet | Found a transporter.
  8935 | Gauntlet | Found a transporter.
  8948 | Gauntlet | Found a transporter.
  8984 | Gauntlet | Noticed a catoblepas
  8986 | Gauntlet | Found a runed translucent gate.
  9013 | Gauntlet | Found a transporter.
  9251 | Gauntlet | Noticed a soul eater
  9258 | Gauntlet | Got a crude tin ring
  9433 | Gauntlet | Identified the ring "Foch" {Ice MR+ Str+3 Dex-5} (You found
                  | it in a Gauntlet)
  9461 | Gauntlet | Noticed a minotaur
  9472 | Gauntlet | Killed a minotaur
 10147 | D:12     | Reached skill level 16 in Axes
 10161 | D:12     | Reached ****** piety under Makhleb
 10169 | D:12     | Noticed a two-headed ogre
 10179 | D:12     | Killed a two-headed ogre
 10267 | D:12     | Reached XP level 13. HP: 115/115 MP: 16/22
 10452 | D:12     | Noticed Urug
 10465 | D:12     | Killed Urug
 10875 | D:13     | HP: 4/116 [manticore/volley of spikes (10)]
 11152 | D:13     | Reached skill level 10 in Armour
 11201 | D:13     | Slain by a skeletal warrior

Levels and vault maps discovered:
D:1:      dpeg_arrival_windows_large_door, layout_basic
D:2:      layout_rooms, first_ration, makhleb_blood_cavern_becter, uniq_terence,
          uniq_crazy_yiuf_cottage
D:3:      layout_rooms, okawaru_gym_becter, uniq_robin
D:4:      layout_loops_ring, enter_ossuary_4, minmay_puff
D:5:      layout_rooms, minmay_temple_entry_tees, gammafunk_ghost_split,
          uniq_eustachio
D:6:      layout_gridville, basic_altar
D:7:      layout_cave_pools, basic_altar, uniq_menkaure, uniq_harold
D:8:      minmay_chambers_of_sixes, layout_basic, kennysheep_mini_moat
D:9:      layout_basic, uniq_maurice
D:10:     minmay_coctagon, layout_basic, kennysheep_orc_monster_closet_entryway,
          serial_shops, nicolae_shop_crystal
D:11:     minmay_twisted_water, layout_basic, minmay_lair_entry_grove,
          gauntlet_entry_generic
D:12:     layout_cave_pools, david_nohive_1, uniq_urug
D:13:     layout_basic, enter_bailey_7

Skill      XL: |  1  2  3  4  5  6  7  8  9 10 11 12 13 |
---------------+----------------------------------------+-----
Fighting       | 4 5 6 7 8 9 10 11 | 11.5
Axes           | 3 4 5 6 8 9 11 13 15 16 | 16.6
Shields        | 4 5 6 7 9 |  9.7
Invocations    | 1 2 3 4 6 7 9 10 12 | 12.9
Armour         | 4 5 6 7 8 9 10 | 10.2
Dodging        | |  0.3
Stealth        | |  0.1
Evocations     | |  0.4

Action                   |  1- 3 |  4- 6 |  7- 9 | 10-12 | 13-15 || total
-------------------------+-------+-------+-------+-------+-------++-------
Melee: War axe           |    92 |   237 |   223 |   561 |   155 ||  1268
       Broad axe         |       |       |       |    10 |       ||    10
Invok: Lesser Servant of |       |       |       |     2 |       ||     2
       Greater Servant o |       |       |       |       |     1 ||     1
Evoke: Wand              |       |       |       |     1 |     3 ||     4
  Use: Scroll            |     5 |     6 |     6 |     4 |     4 ||    25
       Potion            |       |       |       |     7 |     2 ||     9
  Eat: Chunk             |       |     3 |     7 |    12 |     6 ||    28
       Ration            |       |     1 |       |     2 |       ||     3
Armor: Scale mail        |    59 |    92 |     2 |       |       ||   153
       Ring mail         |       |       |    68 |       |       ||    68
       Plate armour      |       |       |    55 |   252 |    66 ||   373
Dodge: Dodged            |    31 |    69 |    48 |    90 |    31 ||   269
Block: Shield            |    65 |   130 |    94 |   268 |    78 ||   635
